 Dungeon Sprint DCSS version 0.29-a0-414-g5075937ec3 (webtiles) character file.

Game seed: 1765736250430770113

8800000 Zeld the Intangible (level 27, -45/215 HPs)
             Began as a Djinni Monk on May 15, 2022.
             Was the Champion of Makhleb.
             Annihilated by a meat berserker
             ... wielding a +9 battleaxe
              (79 damage)
             ... in the Dungeon (Sprint VIII: "Arena of Blood").
             The game lasted 00:02:29 (88 turns).

Zeld the Intangible (Djinni Monk)                     Turns: 88, Time: 00:02:30

Health: -45/215    AC:  4    Str: 20    XL:     27
Gold:   0          EV: 28    Int: 16    God:    Makhleb [******] SH:  0 Dex: 16

rFire   + + .      SeeInvis .   h - +∞ Axe of Woe
rCold   x . .      Faith    .   (shield currently unavailable)
rNeg    . . .      Spirit   .   a - +0 robe
rPois   ∞          Reflect  .   (no helmet)
rElec   .          Harm     .   (no cloak)
rCorr   .          Rampage  .   (no gloves)
Will    ++...      NoTele   +   (boots unavailable)
Stlth   ++++++++++              (no amulet)
HPRegen 0.45/turn               (no ring)
MPRegen 0.00/turn               (no ring)

@: on vortex cooldown, marked, flying, slowed, very slow
A: sickness immunity, fire resistance 2, cold vulnerability 1, float, innate
caster, HP casting, extra vitality 1
a: Renounce Religion, Minor Destruction, Lesser Servant of Makhleb, Major
Destruction, Greater Servant of Makhleb


You were in the Dungeon.
You worshipped Makhleb.
Makhleb was exalted by your worship.
You visited 1 branch

Inventory:

Hand Weapons
 h - the +∞ Axe of Woe (weapon)
   (You found it in the Dungeon)
Armour
 a - a +0 robe (worn)
Scrolls
 g - a scroll of blinking
Potions
 b - a potion of ambrosia
 c - a potion of curing
 e - a potion of haste
 f - a potion of berserk rage


   Skills:
 O Level 27 Fighting
 O Level 27 Short Blades
 O Level 27 Long Blades
 O Level 27 Axes
 O Level 27 Maces & Flails
 O Level 27 Polearms
 O Level 27 Staves
 O Level 27 Slings
 O Level 27 Bows
 O Level 27 Crossbows
 O Level 27 Throwing
 O Level 27 Armour
 O Level 27 Dodging
 O Level 27 Stealth
 O Level 27 Shields
 O Level 27 Unarmed Combat
 O Level 27 Spellcasting
 O Level 27 Invocations
 O Level 27 Evocations


You had 9 spell levels left.
You knew the following spells:

 Your Spells              Type           Power      Damage    Failure   Level
a - Shock                 Conj/Air       100%       1d9       0%          1
b - Scorch                Fire           100%       2d10      0%          2
c - Ignite Poison         Fire/Tmut/Pois 82%        N/A       0%          3
d - Cause Fear            Hex            41%        N/A       0%          4
e - Agony                 Necr           82%        N/A       0%          5
f - Fireball              Conj/Fire      41%        3d17      0%          5
g - Statue Form           Tmut/Erth      54%        N/A       0%          6
h - Simulacrum            Ice/Necr       41%        N/A       0%          6
i - Malign Gateway        Summ/Tloc      41%        N/A       1%          7
j - Haunt                 Necr/Summ      41%        N/A       1%          7
k - Infestation           Necr           41%        N/A       1%          8
l - Borgnjor's Revivific  Necr           41%        N/A       1%          8
m - Polar Vortex          Ice            41%        N/A       2%          9
Your spell library was empty.

Dungeon Overview and Level Annotations

Branches:
Dungeon (1/1)

Altars:
Makhleb


Innate Abilities, Weirdness & Mutations

You are immune to sickness and miasma.
You are immune to poison.
Your flesh is very heat resistant. (rF++)
You are vulnerable to cold. (rC-)
You float through the air rather than walking.
You learn spells naturally, not from books.
Your magical power is your life essence.
You have superior vitality. (+4 MHP)


Message History

You slash the sculptor of flesh!
You chop the sculptor of flesh into pieces.
You destroy the sculptor of flesh!
Makhleb accepts your kill.
You slash the dread!
You cleave the dread in twain.
You destroy the dread!
Makhleb accepts your kill.
A meat beast comes into view.
You hear a shout!
The tyrant casts a spell.
A destroyer comes into view. It is wielding a +9 vorpal great sword.
The destroyer casts a spell at you.
The destroyer blinks!
The eight-headed meat hydra calls on the powers of darkness!
The eight-headed meat hydra convulses! x2; The bag of meat convulses!
The meat berserker convulses! x4; The bag of meat convulses! x2
The meat berserker convulses!
Your body is wracked with pain!
The large bag of meat convulses!
Flame seeps out of the large bag of meat.
The bag of meat convulses!
The meat berserker convulses! x3
The bag of meat convulses!
The accursed points at you and mumbles some strange words.
Something smites you!
The tyrant mumbles some strange words.
A meat berserker comes into view. It is wielding a +9 battleaxe.
The eight-headed meat hydra calls on the powers of darkness!
The eight-headed meat hydra convulses! x2; The meat berserker convulses! x4
The bag of meat convulses! x2; Your body is wracked with pain!
* * * LOW HITPOINT WARNING * * *
The large bag of meat convulses!
Flame seeps out of the large bag of meat.
The bag of meat convulses! x2; The meat berserker convulses! x2
A bag of meat comes into view. It is wielding a +9 war axe.
The accursed gestures at you while chanting.
Something smites you!
* * * LOW HITPOINT WARNING * * *
The destroyer casts a spell at you.
The destroyer blinks!
The meat berserker hits you with a +9 battleaxe!!!!
You die...
D... .. ... .2o #.. .L# . #§§ LX# . oo###XM §§###.. .ooOM§§###WXO§WO

..2oX§MVV§Wo2§.o
...X#§§M§O#....
. #§V@O§# .
#oV§O§#
.§§§§§§O§§DD


OO.ooO###W2oO.. o###§o o§###V. #§L §§# . #.o ..# .. ... You could see 4
accurseds, 3 meat beasts, 3 tyrants, 2 eight-headed meat hydras, 5 destroyers, a
large bag of meat (inner flame), 4 large abominations, 4 dreads, 10 meat
berserkers and 13 bags of meat.

Vanquished Creatures
  Sigmund (D)
  16 hell beasts (D)
  7 royal mummies (D)
  3 wraiths (D)
  12 vampire knights (D)
  49 ogres (D)
  8 two-headed ogres (D)
  3 liches (D)
  A hydra (D)
  2 phantoms (D)
  63 orcs (D)
  7 skeletal warriors (D)
172 creatures vanquished.

Vanquished Creatures (others)
  An ogre (D)
  2 orcs (D)
3 creatures vanquished.

Grand Total: 175 creatures vanquished

Notes
Turn   | Place    | Note
-------+----------+-------------------------------------------
     0 | D        | Found the +∞ Axe of Woe
     0 | D        | Zeld the Djinni Monk began the quest for the Orb.
     0 | D        | Reached XP level 1. HP: 20/20 MP: 0/0
     1 | D        | Noticed a bag of meat
     4 | D        | Noticed a bag of meat
     4 | D        | Became a worshipper of Makhleb the Destroyer
     4 | D        | Reached * piety under Makhleb
     4 | D        | Reached ** piety under Makhleb
     7 | D        | Killed a bag of meat
     7 | D        | Noticed a meat berserker
     8 | D        | Reached skill level 5 in Stealth
     8 | D        | Reached XP level 2. HP: 40/40 MP: 0/0
     8 | D        | Reached XP level 3. HP: 45/45 MP: 0/0
     8 | D        | Learned a level 1 spell: Shock
     8 | D        | Reached XP level 4. HP: 51/51 MP: 0/0
     8 | D        | Reached XP level 5. HP: 57/57 MP: 0/0
     8 | D        | Learned a level 2 spell: Scorch
     8 | D        | Reached XP level 6. HP: 63/63 MP: 0/0
     8 | D        | Reached XP level 7. HP: 68/68 MP: 0/0
     8 | D        | Learned a level 3 spell: Ignite Poison
     8 | D        | Reached XP level 8. HP: 75/75 MP: 0/0
     8 | D        | Reached XP level 9. HP: 80/80 MP: 0/0
     8 | D        | Learned a level 4 spell: Cause Fear
     8 | D        | Reached XP level 10. HP: 86/86 MP: 0/0
     8 | D        | Reached XP level 11. HP: 92/92 MP: 0/0
     8 | D        | Learned a level 5 spell: Agony
     8 | D        | Killed a bag of meat
     8 | D        | Noticed a bag of meat
     8 | D        | Noticed a bag of meat
     9 | D        | Reached skill level 15 in Fighting
     9 | D        | Reached skill level 15 in Unarmed Combat
     9 | D        | Reached skill level 10 in Spellcasting
     9 | D        | Reached XP level 12. HP: 103/103 MP: 0/0
    10 | D        | Noticed a meat berserker
    10 | D        | Noticed a meat berserker
    11 | D        | Killed a meat berserker
    11 | D        | Noticed a bag of meat
    12 | D        | Reached XP level 13. HP: 112/112 MP: 0/0
    12 | D        | Learned a level 5 spell: Fireball
    12 | D        | Killed a meat berserker
    12 | D        | Reached *** piety under Makhleb
    12 | D        | Killed a meat berserker
    12 | D        | Noticed a meat berserker
    12 | D        | Noticed a bag of meat
    13 | D        | Reached XP level 14. HP: 125/125 MP: 0/0
    13 | D        | Reached XP level 15. HP: 130/130 MP: 0/0
    13 | D        | Learned a level 6 spell: Statue Form
    15 | D        | Noticed a meat berserker
    17 | D        | Killed a meat berserker
    18 | D        | Reached skill level 10 in Axes
    18 | D        | Reached skill level 15 in Spellcasting
    18 | D        | Noticed a meat berserker
    19 | D        | Reached **** piety under Makhleb
    20 | D        | Killed a meat berserker
    21 | D        | Reached XP level 16. HP: 143/143 MP: 0/0
    21 | D        | Noticed a meat berserker
    21 | D        | Noticed a large bag of meat
    22 | D        | Killed a meat berserker
    22 | D        | Noticed a meat berserker
    23 | D        | Reached XP level 17. HP: 152/152 MP: 0/0
    23 | D        | Learned a level 6 spell: Simulacrum
    23 | D        | Reached ***** piety under Makhleb
    23 | D        | Noticed a large bag of meat
    23 | D        | Noticed a large bag of meat
    24 | D        | Reached skill level 10 in Stealth
    25 | D        | Reached skill level 15 in Axes
    25 | D        | Killed a large bag of meat
    25 | D        | Noticed a meat berserker
    25 | D        | Noticed a destroyer
    26 | D        | Reached XP level 18. HP: 108/165 MP: 0/0
    26 | D        | Killed a meat berserker
    26 | D        | Killed a meat berserker
    26 | D        | Noticed a meat berserker
    27 | D        | Reached skill level 27 in Fighting
    27 | D        | Reached skill level 27 in Dodging
    28 | D        | Killed a large bag of meat
    28 | D        | Reached ****** piety under Makhleb
    28 | D        | Killed a destroyer
    29 | D        | Reached skill level 27 in Unarmed Combat
    29 | D        | Reached XP level 19. HP: 157/174 MP: 0/0
    29 | D        | Learned a level 7 spell: Malign Gateway
    29 | D        | Noticed a sculptor of flesh
    29 | D        | Killed a large bag of meat
    29 | D        | Noticed a meat berserker
    30 | D        | Reached skill level 27 in Axes
    30 | D        | Reached XP level 20. HP: 165/181 MP: 0/0
    30 | D        | Killed a meat berserker
    30 | D        | Noticed a meat berserker
    31 | D        | Reached skill level 27 in Spellcasting
    31 | D        | Killed a meat berserker
    33 | D        | Killed a meat berserker
    34 | D        | Reached skill level 27 in Stealth
    34 | D        | Reached XP level 21. HP: 187/187 MP: 0/0
    34 | D        | Learned a level 7 spell: Haunt
    35 | D        | Killed a meat berserker
    36 | D        | Reached skill level 5 in Short Blades
    36 | D        | Reached skill level 5 in Long Blades
    36 | D        | Reached skill level 5 in Staves
    36 | D        | Reached skill level 5 in Armour
    36 | D        | Reached skill level 5 in Shields
    36 | D        | Reached skill level 5 in Invocations
    36 | D        | Reached skill level 5 in Evocations
    36 | D        | Noticed a meat berserker
    37 | D        | Noticed a meat berserker
    38 | D        | Reached skill level 5 in Maces & Flails
    38 | D        | Reached skill level 5 in Polearms
    38 | D        | Reached skill level 5 in Slings
    38 | D        | Reached skill level 5 in Bows
    38 | D        | Reached skill level 5 in Crossbows
    38 | D        | Reached skill level 5 in Throwing
    38 | D        | Noticed a destroyer
    38 | D        | Noticed a destroyer
    39 | D        | Noticed a meat berserker
    39 | D        | Noticed a meat berserker
    41 | D        | Killed a destroyer
    41 | D        | Noticed a meat berserker
    42 | D        | Reached XP level 22. HP: 194/194 MP: 0/0
    42 | D        | Noticed a meat berserker
    42 | D        | Noticed an accursed
    43 | D        | Noticed a tyrant
    45 | D        | Killed a meat berserker
    45 | D        | Killed a meat berserker
    45 | D        | Killed a meat berserker
    45 | D        | Killed a meat berserker
    45 | D        | Noticed a meat berserker
    46 | D        | Reached XP level 23. HP: 190/201 MP: 0/0
    46 | D        | Learned a level 8 spell: Infestation
    46 | D        | Killed a destroyer
    48 | D        | Killed an accursed
    49 | D        | Reached skill level 15 in Short Blades
    49 | D        | Reached skill level 15 in Long Blades
    49 | D        | Reached skill level 15 in Staves
    49 | D        | Reached skill level 15 in Armour
    49 | D        | Reached skill level 15 in Shields
    49 | D        | Reached skill level 15 in Invocations
    49 | D        | Reached skill level 15 in Evocations
    49 | D        | Reached XP level 24. HP: 106/208 MP: 0/0
    49 | D        | Noticed an accursed
    50 | D        | Killed a tyrant
    51 | D        | Reached skill level 15 in Maces & Flails
    51 | D        | Reached skill level 15 in Polearms
    51 | D        | Reached skill level 15 in Slings
    51 | D        | Reached skill level 15 in Bows
    51 | D        | Reached skill level 15 in Crossbows
    51 | D        | Reached skill level 15 in Throwing
    52 | D        | Reached XP level 25. HP: 214/214 MP: 0/0
    52 | D        | Learned a level 8 spell: Borgnjor's Revivification
    52 | D        | Noticed a destroyer
    52 | D        | Noticed a tyrant
    54 | D        | Noticed a destroyer
    56 | D        | Killed a destroyer
    56 | D        | Noticed a destroyer
    56 | D        | Noticed a meat beast
    57 | D        | Reached XP level 26. HP: 209/209 MP: 0/0
    57 | D        | Killed a destroyer
    57 | D        | Noticed a large bag of meat
    58 | D        | Killed an accursed
    58 | D        | Noticed an accursed
    59 | D        | Noticed a meat beast
    59 | D        | Noticed a tyrant
    59 | D        | Noticed a destroyer
    60 | D        | Noticed a destroyer
    61 | D        | Killed a meat beast
    61 | D        | Noticed an accursed
    62 | D        | Reached XP level 27. HP: 47/215 MP: 0/0
    62 | D        | Learned a level 9 spell: Polar Vortex
    62 | D        | Killed a meat beast
    62 | D        | Noticed a large bag of meat
    63 | D        | Killed a destroyer
    64 | D        | Killed a tyrant
    64 | D        | Noticed a meat beast
    65 | D        | Killed a destroyer
    66 | D        | Noticed The Captor
    67 | D        | Killed a meat beast
    67 | D        | Noticed an accursed
    68 | D        | Reached skill level 27 in Short Blades
    68 | D        | Reached skill level 27 in Long Blades
    68 | D        | Reached skill level 27 in Staves
    68 | D        | Reached skill level 27 in Armour
    68 | D        | Reached skill level 27 in Shields
    68 | D        | Reached skill level 27 in Invocations
    68 | D        | Reached skill level 27 in Evocations
    68 | D        | Killed an accursed
    68 | D        | Killed a large bag of meat
    70 | D        | Noticed a meat beast
    71 | D        | Reached skill level 27 in Maces & Flails
    71 | D        | Reached skill level 27 in Polearms
    71 | D        | Reached skill level 27 in Slings
    71 | D        | Reached skill level 27 in Bows
    71 | D        | Reached skill level 27 in Crossbows
    71 | D        | Reached skill level 27 in Throwing
    71 | D        | Killed a tyrant
    71 | D        | Killed a large bag of meat
    72 | D        | Killed a meat beast
    74 | D        | Noticed a meat beast
    74 | D        | Noticed a dread
    74 | D        | Noticed an accursed
    74 | D        | Noticed a meat beast
    74 | D        | Noticed a dread
    74 | D        | Noticed a tyrant
    75 | D        | Killed The Captor
    75 | D        | Noticed a meat beast
    75 | D        | Noticed a meat beast
    75 | D        | Noticed a destroyer
    75 | D        | Noticed a destroyer
    75 | D        | Noticed an accursed
    75 | D        | Noticed an accursed
    76 | D        | Noticed a meat beast
    76 | D        | Noticed an accursed
    76 | D        | Noticed a destroyer
    77 | D        | Noticed a meat beast
    77 | D        | Killed a meat beast
    77 | D        | Noticed a large bag of meat
    77 | D        | Noticed a large bag of meat
    77 | D        | Noticed a dread
    77 | D        | Noticed a dread
    78 | D        | Noticed a meat beast
    78 | D        | Noticed a meat beast
    78 | D        | Killed a meat beast
    78 | D        | Noticed a meat beast
    78 | D        | Noticed a tyrant
    78 | D        | Noticed a meat beast
    78 | D        | Noticed a dread
    79 | D        | Noticed a large bag of meat
    79 | D        | Killed a meat beast
    79 | D        | Killed a meat beast
    80 | D        | Noticed a meat beast
    80 | D        | Noticed a destroyer
    80 | D        | Noticed a destroyer
    81 | D        | Noticed a meat beast
    81 | D        | Killed a destroyer
    81 | D        | Noticed an accursed
    81 | D        | Noticed a dread
    81 | D        | Noticed a tyrant
    81 | D        | Noticed a destroyer
    82 | D        | Killed an accursed
    82 | D        | Killed a meat beast
    82 | D        | Killed a dread
    82 | D        | Killed a dread
    83 | D        | Noticed a destroyer
    83 | D        | Killed an accursed
    83 | D        | Killed a meat beast
    83 | D        | Killed a meat beast
    83 | D        | Noticed a meat beast
    83 | D        | Noticed an accursed
    84 | D        | Noticed a large bag of meat
    84 | D        | Killed a meat beast
    84 | D        | Killed a meat beast
    84 | D        | Killed a large bag of meat
    84 | D        | Noticed a meat beast
    84 | D        | Noticed a destroyer
    85 | D        | Killed an accursed
    85 | D        | Killed a destroyer
    85 | D        | Killed a destroyer
    86 | D        | Killed a meat beast
    86 | D        | Killed a meat beast
    86 | D        | Killed an accursed
    86 | D        | Killed a large bag of meat
    86 | D        | Noticed a tyrant
    86 | D        | Noticed a dread
    86 | D        | Noticed a large bag of meat
    87 | D        | Noticed a large bag of meat
    87 | D        | Killed a meat beast
    87 | D        | Killed a destroyer
    87 | D        | Killed a large bag of meat
    88 | D        | Noticed a meat beast
    88 | D        | Killed a destroyer
    88 | D        | Killed a dread
    88 | D        | Noticed a meat beast
    88 | D        | Noticed a destroyer
    88 | D        | Annihilated by a meat berserker

Illustrated notes

Levels and vault maps discovered:
D:        meatsprint

Skill      XL: |  1  2  3  4  5  6  7  8  9 10 11 12 13 14 15 16 17 18 19 20 21 22 23 24 25 26 27 |
---------------+----------------------------------------------------------------------------------+-----
Fighting       | 13 15 17 20 22 23 26 27 | 27.0
Axes           | 3 4 6 8 11 13 17 25 27 | 27.0
Dodging        | 14 16 18 21 23 24 26 27 | 27.0
Stealth        | 5 6 8 9 10 13 14 27 | 27.0
Unarmed Combat | 13 15 17 20 22 23 25 27 | 27.0
Spellcasting   | 9 10 12 14 16 17 19 23 24 27 | 27.0
Short Blades   | 8 12 15 17 19 22 27 | 27.0
Long Blades    | 8 12 15 17 19 22 27 | 27.0
Maces & Flails | 7 11 14 16 18 21 27 | 27.0
Polearms       | 7 11 14 16 18 21 27 | 27.0
Staves         | 8 12 15 17 19 22 27 | 27.0
Slings         | 7 11 14 16 18 21 27 | 27.0
Bows           | 7 11 14 16 18 21 27 | 27.0
Crossbows      | 7 11 14 16 18 21 27 | 27.0
Throwing       | 7 11 14 16 18 21 27 | 27.0
Armour         | 8 12 15 18 20 23 27 | 27.0
Shields        | 8 12 15 18 20 23 27 | 27.0
Invocations    | 8 12 15 18 20 23 27 | 27.0
Evocations     | 8 12 15 18 20 23 27 | 27.0

Action                   |  1- 3 |  4- 6 |  7- 9 | 10-12 | 13-15 | 16-18 | 19-21 | 22-24 | 25-27 || total
-------------------------+-------+-------+-------+-------+-------+-------+-------+-------+-------++-------
Melee: Executioner's axe |     1 |       |       |     2 |     4 |     6 |     8 |     7 |    31 ||    59
 Cast: Cause Fear        |       |       |       |     1 |     1 |       |       |       |       ||     2
       Haunt             |       |       |       |       |       |       |     3 |     2 |       ||     5
       Borgnjor's Revivi |       |       |       |       |       |       |       |       |     1 ||     1
       Infestation       |       |       |       |       |       |       |       |       |     1 ||     1
       Polar Vortex      |       |       |       |       |       |       |       |       |     1 ||     1
  Use: Potion            |       |       |       |       |       |       |       |       |     1 ||     1
Armor: Robe              |       |       |       |       |       |       |       |       |     3 ||     3
Dodge: Dodged            |       |       |       |     1 |     1 |     3 |       |     1 |     7 ||    13

Table legend: (Time is in decaauts)
 A = Elapsed time spent in this place.
 B = Non-inter-level travel time spent in this place.
 C = Inter-level travel time spent in this place.
 D = Time resting spent in this place.
 E = Time spent auto-exploring this place.
 F = Levels seen in this place.
 G = Mean time per level.
                   A        B        C        D        E       F      G
               +--------+--------+--------+--------+--------+-----+--------+
         Total |     86 |     86 |      0 |      0 |      0 |   1 |   86.0 |
       Dungeon |     86 |     86 |      0 |      0 |      0 |   1 |   86.0 |
               +--------+--------+--------+--------+--------+-----+--------+

Top non-repeatable levels by time:
       D: 86 daAuts
